 Dungeon Crawl Stone Soup version 0.24.0-13-gcf9b319 (webtiles) character file.

Game seed: 4364216578048910508, levelgen mode: deterministic

115 Bronimir the Slasher (level 5, -1/41 HPs)
             Began as a Barachi Skald on Apr 7, 2020.
             Slain by Crazy Yiuf
             ... wielding a +3 quarterstaff of chaos
              (5 damage)
             ... while petrified by Crazy Yiuf
             ... on level 2 of the Dungeon.
             The game lasted 00:03:56 (2412 turns).

Bronimir the Slasher (Barachi Skald)                Turns: 2412, Time: 00:03:56

Health: -1/41      AC:  4    Str: 13    XL:     5   Next: 0%
Magic:  1/8        EV:  2    Int: 14    God:
Gold:   34         SH:  0    Dex: 11    Spells: 0/8 levels left

rFire    . . .     SeeInvis .   a - +0 falchion
rCold    . . .     Gourm    .   (no shield)
rNeg     + + +     Faith    .   b - +0 leather armour
rPois    ∞         Spirit   .   e - +0 hat
rElec    .         Reflect  .   (no cloak)
rCorr    .         Harm     .   q - +0 pair of gloves
MR       .....                  (no boots)
Stlth    +.........             (no amulet)
HPRegen  0.13/turn              (no ring)
MPRegen  0.11/turn              (no ring)

@: lethally poisoned (-1 -> -1), petrified, slow
A: +LOS, swims, slowness 1, strong legs 1
a: Hop


You were on level 2 of the Dungeon.
You were near starving.

You visited 1 branch of the dungeon, and saw 2 of its levels.

You collected 34 gold pieces.

Inventory:

Hand Weapons
 a - a +0 falchion (weapon)
Missiles
 c - 110 stones (quivered)
Armour
 b - a +0 leather armour (worn)
 e - a +0 hat (worn)
 q - a +0 pair of gloves (worn)
 s - a +0 scale mail
Jewellery
 r - an uncursed ring of resist corrosion {unknown}
Scrolls
 f - a scroll of teleportation {unknown}
 g - a scroll of random uselessness {unknown}
 i - a scroll of remove curse {unknown}
 l - a scroll of enchant weapon {unknown}
 p - a scroll of fear {unknown}
Potions
 h - a potion of heal wounds {unknown}
 j - a potion of haste {unknown}
 k - a potion of invisibility {unknown}
 m - a potion of agility {unknown}
 o - 3 potions of brilliance {unknown}
Comestibles
 d - 6 rations


   Skills:
 + Level 3.1 Fighting
 * Level 4.0 Long Blades
 * Level 2.4 Armour
 * Level 2.8 Dodging
 + Level 2.4 Spellcasting
 * Level 3.7 Charms
 + Level 0.2 Translocations


You couldn't memorise any spells.
You knew the following spells:

 Your Spells              Type           Power        Failure   Level  Hunger
a - Infusion              Chrm           ##..         6%          1    #......
b - Song of Slaying       Chrm           ##......     10%         2    ###....
c - Shroud of Golubria    Chrm/Tloc      #.....       19%         2    ###....
d - Spectral Weapon       Hex/Chrm       #.......     38%         3    ###....

Your spell library contained the following spells:

 Spells                   Type           Power        Failure   Level  Hunger
 Regeneration             Chrm/Necr      #.........   38%         3    ###....


Dungeon Overview and Level Annotations

Branches:
Dungeon (2/15)

Altars:

Annotations:
D:2 Crazy Yiuf


Innate Abilities, Weirdness & Mutations

Shadows flee at your approach. (+LOS)
You can swim through water.
You cover ground slowly.
You can hop short distances.


Message History

You are no longer magically infusing your attacks.
Crazy Yiuf yells, "Papa arm pizzabubble!"
Crazy Yiuf hits you but does no damage.
Crazy Yiuf cries, "Snower!
You disdain stair."
Crazy Yiuf hits you with a +3 quarterstaff of chaos!
* * * LOW HITPOINT WARNING * * *
Crazy Yiuf freezes you.
* * * LOW HITPOINT WARNING * * *
Crazy Yiuf grits, "Aardvark dark foot!"
Crazy Yiuf hits you with a +3 quarterstaff of chaos!
* * * LOW HITPOINT WARNING * * *
Crazy Yiuf burns you.
Crazy Yiuf says, "I'm not crazy!"
Crazy Yiuf barely misses you.
Crazy Yiuf says, "Crazy?
Crazy!?
PORCUPINE!"
Crazy Yiuf hits you with a +3 quarterstaff of chaos.
Crazy Yiuf screams, "Lay arm senile!"
Crazy Yiuf barely misses you.
Crazy Yiuf hits you with a +3 quarterstaff of chaos!
You die...

#############
#...........#
#.#########.######
#.# #.#..... #.#
#.#.#..) #.#
#.#.#.## ##.##
#.#...## #.@.#
##.#.#### ##.g##
#.......' #....#
#..###### ♣.PP.♣
#........ ♣.PP♣♣
#........ ♣♣.♣♣
#........ ♣.♣♣
####....... ♣♣.♣
#..'..<.... ♣.♣♣
#.##.......


You could see Crazy Yiuf.

Vanquished Creatures
  Jessica (D:2)
  Terence (D:2)
  2 adders (D:2)
  A worm (D:2)
  2 dart slugs (D:2)
  4 bats
  3 goblins
  9 hobgoblins
  2 jackals (D:1)
  A quokka (D:2)
  A ball python (D:2)
  3 frilled lizards (D:2)
  7 kobolds
  5 rats
42 creatures vanquished.

Vanquished Creatures (others)
  A spectral weapon (D:2)
1 creature vanquished.

Grand Total: 43 creatures vanquished

Notes
Turn   | Place    | Note
-------+----------+-------------------------------------------
     0 | D:1      | Bronimir the Barachi Skald began the quest for the Orb.
     0 | D:1      | Reached XP level 1. HP: 17/17 MP: 3/3
   245 | D:1      | Reached XP level 2. HP: 15/23 MP: 5/5
   427 | D:1      | Learned a level 2 spell: Song of Slaying
   430 | D:1      | Learned a level 2 spell: Shroud of Golubria
  1104 | D:2      | Reached skill level 3 in Long Blades
  1125 | D:2      | Reached XP level 3. HP: 25/28 MP: 6/6
  1189 | D:2      | Noticed Jessica
  1198 | D:2      | Killed Jessica
  1198 | D:2      | Reached XP level 4. HP: 26/35 MP: 3/7
  1671 | D:2      | Noticed Terence
  1695 | D:2      | Killed Terence
  1695 | D:2      | Reached skill level 4 in Long Blades
  1982 | D:2      | Reached XP level 5. HP: 41/41 MP: 8/8
  2204 | D:2      | Found a runed translucent door.
  2205 | D:2      | Noticed Crazy Yiuf
  2368 | D:2      | Learned a level 3 spell: Spectral Weapon
  2412 | D:2      | Slain by Crazy Yiuf

Levels and vault maps discovered:
D:1:      psy_arrival_fountain, layout_loops_ring
D:2:      layout_basic, first_ration, uniq_jessica, uniq_crazy_yiuf_cottage,
          uniq_terence

Skill      XL: |  1  2  3  4 |
---------------+-------------+-----
Long Blades    | 3 4 |  4.0
Fighting       | 3 |  3.1
Armour         | 2 |  2.4
Dodging        | |  2.8
Spellcasting   | |  2.4
Charms         | |  3.7
Translocations | |  0.2

Action                   |  1- 3 |  4- 6 || total
-------------------------+-------+-------++-------
Melee: Falchion          |    72 |    70 ||   142
 Cast: Infusion          |     4 |     4 ||     8
       Shroud of Golubri |     3 |     4 ||     7
       Spectral Weapon   |       |     1 ||     1
  Eat: Chunk             |     2 |     3 ||     5
Armor: Leather armour    |    23 |    10 ||    33
Dodge: Dodged            |    73 |    48 ||   121
       Rpst.: Falchion   |    16 |    18 ||    34
